 Dungeon Crawl Stone Soup version 0.25-a0-73-g9796ba8d15 (webtiles) character file.

Game seed: 18295367253712371387, levelgen mode: deterministic

25 Flugkiller the Sneak (level 3, -1/23 HPs)
             Began as an Octopode Conjurer on Nov 5, 2019.
             Slain by Sigmund
             ... wielding a +0 scythe
              (10 damage)
             ... on level 2 of the Dungeon.
             The game lasted 00:02:27 (1804 turns).

Flugkiller the Sneak (Octopode Conjurer)            Turns: 1804, Time: 00:02:28

Health: -1/23      AC:  1    Str: 12    XL:     3   Next: 4%
Magic:  3/6        EV: 13    Int: 18    God:
Gold:   70         SH:  0    Dex: 12    Spells: 0/6 levels left

rFire    . . .     SeeInvis .   k - +0 club
rCold    . . .     Gourm    .   (no shield)
rNeg     . . .     Faith    .   (helmet restricted)
rPois    .         Spirit   .   (no amulet)
rElec    .         Reflect  .   (no ring)
rCorr    .         Harm     .   (no ring)
MR       .....                  (no ring)
Stlth    ++........             (no ring)
HPRegen  0.07/turn              (no ring)
MPRegen  0.10/turn              (no ring)
                                (no ring)
                                (no ring)

@: confused, mighty
A: almost no armour, stealthy swim, amphibious, 8 rings, constrict 8, camouflage
1, gelatinous body 1
a: no special abilities


You were on level 2 of the Dungeon.
You were very hungry.

You visited 1 branch of the dungeon, and saw 2 of its levels.

You collected 70 gold pieces.

Inventory:

Hand Weapons
 k - a +0 club (weapon)
   (You took it off a kobold on level 2 of the Dungeon)
Missiles
 f - 30 poisoned darts (quivered)
Jewellery
 d - an uncursed ring of fire {unknown}
   (You found it on level 1 of the Dungeon)
Scrolls
 c - a scroll of fog {unknown}
 g - a scroll of random uselessness {unknown}
 i - a scroll of magic mapping {unknown}
 j - 2 scrolls of remove curse {unknown}
Potions
 a - a potion of invisibility {unknown}
 e - a potion of curing
 h - a potion of flight
 m - 2 potions of might
Comestibles
 b - 6 rations


   Skills:
 - Level 1.0 Fighting
 - Level 2.0 Dodging
 - Level 4.1 Stealth
 + Level 2.1 Spellcasting
 + Level 4.1 Conjurations


You couldn't memorise any spells.
You knew the following spells:

 Your Spells              Type           Power        Failure   Level  Hunger
a - Magic Dart            Conj           ###.         3%          1    #......
b - Searing Ray           Conj           ###...       4%          2    ###....
c - Dazzling Spray        Conj/Hex       #.....       22%         3    ###....

Your spell library contained the following spells:

 Spells                   Type           Power        Failure   Level  Hunger
 Iskenderun's Mystic Bla  Conj           ###.....     32%         4    #####..
 Force Lance              Conj/Tloc      #.......     58%         4    #####..
 Fulminant Prism          Conj/Hex       #.........   58%         4    #####..


Dungeon Overview and Level Annotations

Branches:
Dungeon (2/15)

Altars:
Qazlal

Annotations:
D:2 Sigmund


Innate Abilities, Weirdness & Mutations

You cannot wear most types of armour.
You are very stealthy in the water. (Stealth+)
You are amphibious.
You can wear up to eight rings at the same time.
You can use your tentacles to constrict eight enemies at once.
Your skin changes colour to match your surroundings (Stealth+).
Your rubbery body absorbs attacks. (AC +1, EV +1)


Message History

Sigmund casts a spell at you. The magic dart hits you!
The searing ray hits Sigmund but does no damage.
Sigmund is lightly wounded.
The searing ray hits Sigmund!
Sigmund is moderately wounded.
Sigmund misses you.
The searing ray hits Sigmund!
Sigmund is severely wounded.
You finish channeling your searing ray.
Sigmund barely misses you.
Unknown command.
Unknown command.
Sigmund gestures at you while chanting. The puff of flame hits you!
* * * LOW HITPOINT WARNING * * *
Okay, then.
You feel better. Sigmund casts a spell at you.
You are confused.
You feel better.
You aren't carrying any items that you can evoke.
Okay, then.
Unknown command.
Casting: Searing Ray (safe; 4% risk of failure)
Confirm with . or Enter, or press ? or * to list all spells.
Aiming: Magic Dart (safe; 3% risk of failure)
Press: ? - help, Shift-Dir - straight line, f/p - Sigmund
Aim: Sigmund, wielding a +0 scythe and wearing a +0 robe (severely wounded)
The magic dart hits Sigmund but does no damage.
Sigmund is severely wounded.
Unknown command.
Sigmund casts a spell.
Sigmund flickers and vanishes!
Deactivating autopickup; reactivate with Ctrl-A.
Unknown command.
You hear some strange, mumbled words.
You are confused.
Unknown command.
It was a potion of might.
You feel very mighty all of a sudden.
Unknown command.
Unknown command.
Okay, then.
You hear some strange, mumbled words.
A puff of flame appears from out of thin air!
The puff of flame hits you!
* * * LOW HITPOINT WARNING * * *
You bump into the rock wall.
Something hits you!
You die...

######### ##########
#.......#######........#
########.......##...##........#
.....>.......>..@.........)...###
#####.........................+..
####.......##...##........###
#.......##...##...........
#.......##...##...........
#.......##...###########..
##########...# #..รท#...#..
############..# #.#.###.#..
#.............###.#...#.###


There were no monsters in sight!

Vanquished Creatures
  3 dart slugs (D:1)
  An orc (D:2)
  A ball python (D:1)
  2 hobgoblins (D:2)
  6 bats
  3 frilled lizards (D:2)
  2 kobolds (D:2)
  A rat (D:2)
19 creatures vanquished.

Notes
Turn   | Place    | Note
-------+----------+-------------------------------------------
     0 | D:1      | Flugkiller the Octopode Conjurer began the quest for the
                  | Orb.
     0 | D:1      | Reached XP level 1. HP: 11/11 MP: 3/3
   246 | D:1      | Reached XP level 2. HP: 9/17 MP: 0/5
   421 | D:1      | Learned a level 2 spell: Searing Ray
   907 | D:2      | Reached skill level 1 in Fighting
  1256 | D:2      | Reached XP level 3. HP: 23/23 MP: 3/6
  1299 | D:2      | Learned a level 3 spell: Dazzling Spray
  1310 | D:2      | Found a stormy altar of Qazlal.
  1358 | D:2      | Noticed Sigmund
  1804 | D:2      | Slain by Sigmund

Levels and vault maps discovered:
D:1:      dpeg_arrival_arbitrary_b, layout_basic
D:2:      layout_basic, nicolae_qazlal_general_emergency, first_ration,
          bh_walls_and_bars, uniq_sigmund

Skill      XL: |  1  2 |
---------------+-------+-----
Stealth        | 3 4 |  4.1
Fighting       | 1 |  1.0
Dodging        | |  2.0
Spellcasting   | |  2.1
Conjurations   | |  4.1

Action                   || total
-------------------------++-------
Melee: Unarmed           ||     2
       Constrict         ||     2
 Cast: Magic Dart        ||    39
       Searing Ray       ||     2
  Use: Scroll            ||     2
       Potion            ||     3
  Eat: Chunk             ||     2
Dodge: Dodged            ||     5

Table legend:
 A = Non-vault XP
 B = Vault XP
 C = Vault XP percentage of total XP
 D = Non-vault monster count
 E = Vault monster count
 F = Vault count percentage of total count
                 A         B        C        D         E       F
            +---------+---------+-------+---------+---------+-------
      Total |      36 |       0 |   0.0 |      19 |       0 |   0.0
            +---------+---------+-------+---------+---------+-------
        D:1 |      20 |       0 |   0.0 |       8 |       0 |   0.0
        D:2 |      16 |       0 |   0.0 |      11 |       0 |   0.0
            +---------+---------+-------+---------+---------+-------
